 Dungeon Crawl Stone Soup version 0.26.0-10-g1f06aea511 (webtiles) character file.

Game seed: 10844069851189621112

29 trckry the Ruffian (level 3, -1/28 HPs)
             Began as a Draconian Transmuter on Jan 13, 2021.
             Slain by a white imp (2 damage)
             ... summoned by Natasha
             ... on level 2 of the Dungeon.
             The game lasted 00:02:26 (1690 turns).

trckry the Ruffian (Draconian Transmuter)           Turns: 1690, Time: 00:02:27

Health: -1/28      AC:  5    Str: 12    XL:     3   Next: 1%
Magic:  6/6        EV: 12    Int: 14    God:
Gold:   97         SH:  0    Dex: 11    Spells: 5/6 levels left

rFire    . . .     SeeInvis .     - Unarmed
rCold    . . .     Faith    .   (no shield)
rNeg     . . .     Spirit   .   (armour unavailable)
rPois    .         Reflect  .   (helmet restricted)
rElec    .         Harm     .   (no cloak)
rCorr    .         Rampage  .   (no gloves)
Will     .....                  (no boots)
Stlth    +.........             (no amulet)
HPRegen  0.09/turn              (no ring)
MPRegen  0.10/turn              (no ring)

@: slowed, very slow
A: unfitting armour, cold-blooded, AC +5
a: no special abilities


You were on level 2 of the Dungeon.
You visited 1 branch of the dungeon, and saw 2 of its levels.

You collected 97 gold pieces.

Inventory:

Missiles
 i - 27 poisoned darts (quivered)
Scrolls
 a - a scroll of noise {unknown}
 d - 2 scrolls of enchant weapon {unknown}
 e - a scroll of immolation {unknown}
 f - 4 scrolls of remove curse {unknown}
 g - a scroll of teleportation {unknown}
 h - a scroll of identify {unknown}
Potions
 b - a potion of heal wounds {unknown}
 c - a potion of curing {unknown}


   Skills:
 - Level 1.1 Fighting
 - Level 1.7 Dodging
 * Level 3.6 Unarmed Combat
 - Level 2.0 Spellcasting
 * Level 2.8 Transmutations


You had 5 spell levels left.
You knew the following spells:

 Your Spells              Type           Power        Failure   Level
a - Beastly Appendage     Tmut           18%          8%          1

Your spell library contained the following spells:

 Spells                   Type           Power        Failure   Level
 Wereblood                Tmut           9%           11%         2
 Spider Form              Tmut/Pois      2%           36%         3
 Ice Form                 Ice/Tmut       5%           78%         4
 Blade Hands              Tmut           4%           90%         5


Dungeon Overview and Level Annotations

Branches:
Dungeon (2/15)

Altars:

Annotations:
D:2 Natasha


Innate Abilities, Weirdness & Mutations

Your plain brown scales are hard. (AC +5)
You cannot fit into any form of body armour.
You are cold-blooded and may be slowed by cold attacks.


Message History

The hobgoblin hits you with a +0 club.
You closely miss Natasha. Your headbutt misses Natasha.
Natasha is heavily wounded.
The goblin hits you but does no damage.
Natasha stares at you and mumbles some strange words.
The magic dart hits you!
* * * LOW HITPOINT WARNING * * *
You barely miss Natasha.
Natasha is heavily wounded.
The hobgoblin misses you. The goblin closely misses you.
Natasha stares at you and mumbles some strange words.
You resist with significant effort.
The hobgoblin hits you but does no damage.
Your horns disappear.
Your talons disappear.
You miss Natasha.
Natasha is heavily wounded.
The white imp hits you.
* * * LOW HITPOINT WARNING * * *
The white imp freezes you.
You feel yourself slow down.
You die...

..# .#..# _#.## #...# .
...# ## ... #..# #..
..#..#####.###########.#
.........ghg........>#.##
.......#.##@#..####..#..
........555..........#.#
..######.#.....#####.#.#
. ...#...### #...#
#.#.#..... #.#.### #
....#########....<#
###.........###.###
....#####.....# ###
#.#####


You could see Natasha, a crimson imp (summoned), 2 white imps, a hobgoblin and a
goblin.

Vanquished Creatures
  A worm (D:2)
  A dart slug (D:1)
  2 leopard geckos (D:1)
  4 goblins
  4 hobgoblins
  2 bats (D:2)
  A frilled lizard (D:1)
  5 kobolds
20 creatures vanquished.

Notes
Turn   | Place    | Note
-------+----------+-------------------------------------------
     0 | D:1      | trckry the Draconian Transmuter began the quest for the
                  | Orb.
     0 | D:1      | Reached XP level 1. HP: 16/16 MP: 3/3
   311 | D:1      | Reached XP level 2. HP: 22/23 MP: 1/5
  1092 | D:2      | HP: 2/23 [worm (9)]
  1665 | D:2      | Found a faded altar of an unknown god.
  1671 | D:2      | Noticed Natasha
  1677 | D:2      | Reached XP level 3. HP: 26/28 MP: 4/6
  1690 | D:2      | HP: 1/28 [white imp[Natasha] (3)]
  1690 | D:2      | Slain by a white imp

Illustrated notes

Levels and vault maps discovered:
D:1:      ebering_trefoil_twist, layout_loops_corners
D:2:      layout_basic, serial_co_window_serial, co_window_paths_a,
          co_window_paths_a, co_window_of_opportunity_a, co_window_paths_b,
          co_window_corner_a, co_window_broadway_c, co_window_of_opportunity_b,
          co_window_corner_b, co_window_cross_3, co_window_paths_c,
          glass_columns_a, glass_columns_c, chequers_ecumenical_altar_simple,
          uniq_natasha, uniq_sigmund

Action                   || total
-------------------------++-------
Melee: Unarmed           ||    69
       Kick              ||    17
       Headbutt          ||     5
       Tailslap          ||     1
Throw: Dart              ||    14
 Cast: Beastly Appendage ||    14
Armor: Skin              ||    16
Dodge: Dodged            ||    36
